 Dungeon Crawl Stone Soup version 0.30-a0-313-gae38170b09 (webtiles) character file.

Game seed: 12946697144776590549

42 NinjaNoafa the Ducker (level 3, -2/30 HPs)
             Began as a Merfolk Monk on Oct 26, 2022.
             Killed by nerve-wracking pain
             ... invoked by Grinder
              (14 damage)
             ... on level 3 of the Dungeon.
             The game lasted 00:02:11 (1201 turns).

NinjaNoafa the Ducker (Merfolk Monk)                Turns: 1201, Time: 00:02:12

Health: -2/30      AC:  2    Str: 11    XL:     3   Next: 56%
Magic:  3/3        EV: 14    Int:  9    God:
Gold:   69         SH:  0    Dex: 18    Spells: 2/2 levels left

rFire   . . .      SeeInvis .    a - +0 short sword
rCold   . . .      Faith    .    (no shield)
rNeg    . . .      Spirit   .    b - +0 robe
rPois   .          Reflect  .    (helmet restricted)
rElec   .          Harm     .    (no cloak)
rCorr   .          Rampage  .    (no gloves)
Will    .....      Clarity  +    (no boots)
Stlth   ++........               (no amulet)
HPRegen 0.25/turn                (no ring)
MPRegen 0.08/turn                (no ring)

@: no status effects
A: (nimble swimmer 2), mertail, horns 1, clarity, MP-powered wands
a: no special abilities


You were on level 3 of the Dungeon.
You visited 1 branch of the dungeon, and saw 3 of its levels.

You collected 69 gold pieces.

Inventory:

Hand Weapons
 a - a +0 short sword (weapon)
Missiles
 d - 3 poisoned darts (quivered)
 e - 19 stones
Armour
 b - a +0 robe (worn)
Scrolls
 i - a scroll of fear {unknown}
 m - a scroll of immolation {unknown}
Potions
 j - a potion of mutation
 k - a potion of might {unknown}
 l - a potion of heal wounds {unknown}
 n - a potion of haste {unknown}


   Skills:
 + Level 3.7 Fighting
 + Level 4.1 Short Blades
 + Level 4.5 Dodging
 + Level 3.0 Stealth


You had 2 spell levels left.
You didn't know any spells.
Your spell library was empty.

Dungeon Overview and Level Annotations

Branches:
Dungeon (2/15)

Altars:

Annotations:
D:3 Grinder


Innate Abilities, Weirdness & Mutations

((You are very nimble when in or above water. (Stealth+, EV+, Speed+++)))
Your lower body shifts to a powerful aquatic tail in water.
You have a pair of small horns on your head.
You possess an exceptional clarity of mind.
You expend magic power (3 MP) to strengthen your wands.


Message History

Grinder is lightly wounded.
Grinder hits you but does no damage.
You barely miss Grinder. You headbutt Grinder.
Grinder is lightly wounded.
Grinder hits you.
You hit Grinder but do no damage. You headbutt Grinder.
Grinder is moderately wounded.
Grinder gestures at you. You resist with significant effort.
You closely miss Grinder. Your headbutt misses Grinder.
Grinder is lightly wounded.
The river rat closely misses you. Grinder barely misses you.
You aren't carrying any items that you can evoke.
Throw: 7 darts (poison)
Press: ? - help, Q - select action, (/) - cycle Shift-Dir - straight line, f - Grinder
Aim: Grinder (lightly wounded, 58% to hit)
You throw a poisoned dart.
The poisoned dart closely misses Grinder.
The river rat bites you! Grinder closely misses you.
Throw: 6 darts (poison)
Press: ? - help, Q - select action, (/) - cycle Shift-Dir - straight line, p - Grinder You throw a poisoned dart.
The poisoned dart hits Grinder.
Grinder is poisoned.
Grinder is lightly wounded.
The river rat barely misses you. Grinder completely misses you.
Throw: 5 darts (poison)
Press: ? - help, Q - select action, (/) - cycle Shift-Dir - straight line, f - Grinder
Aim: Grinder (lightly wounded, poisoned, 58% to hit)
You throw a poisoned dart. The poisoned dart hits Grinder.
Grinder is lightly wounded.
The river rat bites you! Grinder gestures at you.
Pain shoots through your body!
Throw: 4 darts (poison)
Press: ? - help, Q - select action, (/) - cycle Shift-Dir - straight line, p - Grinder You throw a poisoned dart.
The poisoned dart closely misses Grinder.
The river rat barely misses you. Grinder gestures at you.
Pain shoots through your body!
You die...

#~ ~~ ~~ ## #~
#.> #. #...#.
##...5### #
#....r@.###.###.
..#..###.#.......
... #.........
..#..###.#.#.#...
............#
#..#########...
.# #


You could see Grinder (poisoned) and a river rat.

Vanquished Creatures
  A worm (D:2)
  2 endoplasms
  2 giant cockroaches (D:1)
  5 goblins
  4 hobgoblins
  2 jackals (D:1)
  3 quokkas
  4 ball pythons (D:1)
  2 bats (D:1)
  2 frilled lizards (D:1)
  4 kobolds
  5 rats
36 creatures vanquished.

Notes
Turn   | Place    | Note
-------+----------+-------------------------------------------
     0 | D:1      | NinjaNoafa the Merfolk Monk began the quest for the Orb.
     0 | D:1      | Reached XP level 1. HP: 18/18 MP: 1/1
   174 | D:1      | Reached XP level 2. HP: 22/24 MP: 2/2
   623 | D:1      | Reached XP level 3. HP: 29/29 MP: 3/3
  1108 | D:2      | You fall into a shaft and drop 1 floor!
  1190 | D:3      | Noticed Grinder
  1191 | D:3      | Gained mutation: You possess an exceptional clarity of
                  | mind. [potion of mutation]
  1191 | D:3      | Gained mutation: You have a pair of small horns on your
                  | head. [potion of mutation]
  1191 | D:3      | Gained mutation: You expend magic power (3 MP) to
                  | strengthen your wands. [potion of mutation]
  1201 | D:3      | Killed from afar by Grinder

Illustrated notes

Levels and vault maps discovered:
D:1:      dpeg_arrival_three_smaller_balls, layout_basic, hex_intersection
D:2:      layout_loops_ring, minmay_ruptured
D:3:      layout_loops_ring, gup_sewer_entry_bubbles, serial_shops, shop,
          kennysheep_small_spiral, nicolae_wormholes, uniq_grinder

Skill      XL: |  1  2  3 |
---------------+----------+-----
Short Blades   | 4 |  4.1
Stealth        | 3 |  3.0
Fighting       | |  3.7
Dodging        | |  4.5

Action                   || total
-------------------------++-------
Melee: Short sword       ||   133
       Headbutt          ||     3
       Punch             ||     2
Throw: Dart              ||     4
  Use: Potion            ||     3
       Scroll            ||     2
 Stab: Sleeping          ||     4
Armor: Robe              ||    18
Dodge: Dodged            ||   109

Table legend: (Time is in decaauts)
 A = Elapsed time spent in this place.
 B = Non-inter-level travel time spent in this place.
 C = Inter-level travel time spent in this place.
 D = Time resting spent in this place.
 E = Time spent auto-exploring this place.
 F = Levels seen in this place.
 G = Mean time per level.
                   A        B        C        D        E       F      G
               +--------+--------+--------+--------+--------+-----+--------+
         Total |   1174 |   1163 |     11 |      0 |    909 |   3 |  391.3 |
       Dungeon |   1174 |   1163 |     11 |      0 |    909 |   3 |  391.3 |
               +--------+--------+--------+--------+--------+-----+--------+

Top non-repeatable levels by time:
     D:1: 820 daAuts
     D:2: 262 daAuts
     D:3: 91 daAuts
